 Dungeon Crawl Stone Soup version 0.29.0-4-gdea44cf6ec (webtiles) character file.

Game seed: 14983755202091352598

128 qw the Chopper (level 5, -2/30 HPs)
             Began as a Tengu Warper on Aug 28, 2022.
             Slain by Sigmund
             ... wielding a +0 scythe of distortion
              (4 damage)
             ... on level 4 of the Dungeon.
             The game lasted 00:00:18 (3321 turns).

qw the Chopper (Tengu Warper)                       Turns: 3321, Time: 00:00:19

Health: -2/30      AC:  5    Str: 14    XL:     5   Next: 11%
Magic:  9/9        EV: 14    Int: 13    God:
Gold:   120        SH:  0    Dex: 13    Spells: 8/8 levels left

rFire   . . .      SeeInvis .   Y - +0 war axe
rCold   . . .      Faith    .   (no shield)
rNeg    . . .      Spirit   .   c - +1 leather armour {rPois}
rPois   +          Reflect  .   (helmet restricted)
rElec   .          Harm     .   j - +0 cloak
rCorr   .          Rampage  .   (no gloves)
Will    .....                   (boots unavailable)
Stlth   +.........              (no amulet)
HPRegen 0.10/turn               (no ring)
MPRegen 0.11/turn               (no ring)

@: flying quickly and evasively, quick
A: beak, talons 3, nimble flight
a: no special abilities


You were on level 4 of the Dungeon.
You visited 1 branch of the dungeon, and saw 4 of its levels.

You collected 120 gold pieces.


Innate Abilities, Weirdness & Mutations

You have a beak for a mouth.
You have claws for feet.
Your magical nature lets you fly swiftly and evasively.


   Skills:
 - Level 2.0 Fighting
 + Level 5.6 Axes
 - Level 1.0 Throwing
 - Level 1.1 Armour
 - Level 2.1 Dodging
 - Level 2.0 Spellcasting
 - Level 2.4 Translocations


You had 8 spell levels left.
You didn't know any spells.
Your spell library contained the following spells:

 Spells                   Type           Power      Damage    Failure   Level
 Blink                    Tloc           14%        N/A       19%         2
 Gell's Gravitas          Tloc           7%         N/A       34%         3
 Lesser Beckoning         Tloc           7%         N/A       34%         3
 Teleport Other           Tloc           7%         N/A       34%         3
 Manifold Assault         Tloc           7%         N/A       97%         5

Inventory:

Hand Weapons
 g - a +0 whip
 Y - a +0 war axe (weapon)
Missiles
 a - 6 javelins (quivered)
Armour
 c - a +1 leather armour of poison resistance (worn)
 j - a +0 cloak (worn)
Scrolls
 b - a scroll of identify
Potions
 e - a potion of berserk rage {unknown}
 f - a potion of curing {unknown}
 h - a potion of lignification {unknown}
 i - a potion of flight {unknown}

Dungeon Overview and Level Annotations

Branches:
Dungeon (4/15)
 Temple: D:4-7

Altars:
Cheibriados
Yredelemnul
Zin

Annotations:
D:4 Sigmund


Message History

Enter note:
a - 6 javelins
Found a snail-covered altar of Cheibriados.
Enter note:
Enter note:
Enter note: Sigmund the Dreaded comes into view.
He is wielding a +0 scythe of distortion, wearing a +2 robe of willpower and carrying a wand of digging (8).
Enter note:
Enter note:
Enter note: Sigmund is nearby!
Sigmund is nearby!
3309 ||| Stepping randomly (stuck).
Sigmund zaps a wand.
Some rock shatters into small pieces.
Sigmund casts a spell at you. The puff of flame misses you.
Sigmund hits you from afar with a +0 scythe of distortion!
Space warps horribly around you!!
Ouch! That really hurt!
You hit Sigmund but do no damage. You claw Sigmund, but do no damage.
Sigmund hits you but does no damage.
You blink.
Found a scroll of vulnerability.
You start resting.
Sigmund is nearby!
3316 ||| Stepping ~*~*~tactically~*~*~ (hiding).
You start resting.
Sigmund is nearby!
Sigmund casts a spell at you. You resist with some effort.
You barely miss Sigmund. Your kick misses Sigmund.
Sigmund giggles. "Time to reap what you sow."
Sigmund barely misses you.
You hit Sigmund. You claw Sigmund.
Sigmund is moderately wounded.
Sigmund's eyes start glowing with a red light.
Sigmund closely misses you.
You hit Sigmund. Your peck misses Sigmund.
Sigmund is heavily wounded.
Sigmund hits you with a +0 scythe of distortion.
Space warps around you.
You die...

..........# #........##
......#.#.# .........#
..........# .........#
....#^..#.## .........#
...........# .........#
.##.#.#....# ..........
.##........# .........#
.......@...# ####+###..
.###...@##########.# #.#
...................###..
........#....###........
........#...........####
........#...........#
.....####...........#
....# #...........####
.... #..............#
.?. #............#..


You could see Sigmund.

Vanquished Creatures
  An iguana (D:3)
  4 adders
  3 worms
  2 dart slugs (D:1)
  2 orcs (D:3)
  6 ball pythons
  4 endoplasms
  2 giant cockroaches
  8 goblins
  5 hobgoblins
  4 quokkas
  4 frilled lizards
  4 kobolds
  5 rats
  A spectral goblin (D:2)
55 creatures vanquished.

Notes
Turn   | Place    | Note
-------+----------+-------------------------------------------
     0 | D:1      | qw the Tengu Warper began the quest for the Orb.
     0 | D:1      | Reached XP level 1. HP: 12/12 MP: 4/4
     0 | D:1      | 0 ||| qw: Version: 0.1-a-89-g26bdef1
     0 | D:1      | 0 ||| qw: Game counter: 3269
     0 | D:1      | 0 ||| qw: Always use a shield: true
     0 | D:1      | 0 ||| qw: God list: Okawaru
     0 | D:1      | 0 ||| qw: Allow faded altars: false
     0 | D:1      | 0 ||| qw: Do Orc after D:15 true
     0 | D:1      | 0 ||| qw: Do second Lair branch before Depths: true
     0 | D:1      | 0 ||| qw: Lair rune preference: random
     0 | D:1      | 0 ||| qw: Plans: Normal
     0 | D:1      | 0 ||| PLANNING D:1-11
   330 | D:1      | Reached XP level 2. HP: 17/17 MP: 6/6
   409 | D:1      | Reached skill level 3 in Axes
   629 | D:1      | HP: 4/17 [poisoned by a goblin]
  1007 | D:1      | 1007 ||| Stepping ~*~*~tactically~*~*~ (hiding).
  1137 | D:1      | Reached XP level 3. HP: 21/21 MP: 7/7
  1287 | D:1      | 1287 ||| READING scroll labelled QEXUER EBETT.
  1288 | D:1      | 1288 ||| READING scroll labelled ZYS EJEFIEGHOSS.
  1289 | D:1      | 1289 ||| DROPPING scroll of blinking.
  1611 | D:2      | Reached skill level 4 in Axes
  1665 | D:2      | 1665 ||| FLEEEEING.
  1666 | D:2      | 1666 ||| FLEEEEING.
  1667 | D:2      | 1667 ||| FLEEEEING.
  1668 | D:2      | 1668 ||| FLEEEEING.
  1669 | D:2      | 1669 ||| STAIRDANCE
  1706 | D:1      | 1706 ||| UPGRADING to +1 leather armour of poison
                  | resistance.
  1716 | D:1      | 1716 ||| DROPPING +0 leather armour.
  1717 | D:1      | 1717 ||| READING scroll labelled BUIHAXZEZ.
  1720 | D:2      | 1720 ||| STAIRDANCE
  1749 | D:2      | 1749 ||| STAIRDANCE
  1864 | D:2      | 1864 ||| Stepping ~*~*~tactically~*~*~ (stealth).
  1867 | D:2      | 1867 ||| Stepping ~*~*~tactically~*~*~ (stealth).
  1875 | D:2      | Reached XP level 4. HP: 26/26 MP: 8/8
  2227 | D:2      | Found a faded altar of an unknown god.
  2415 | D:2      | 2415 ||| READING 2 scrolls of identify.
  2415 | D:2      | 2415 ||| IDENTIFYING sapphire potion
  2416 | D:2      | 2416 ||| DROPPING potion of degeneration.
  2466 | D:3      | Reached skill level 5 in Axes
  2520 | D:3      | 2520 ||| FLEEEEING.
  2521 | D:3      | 2521 ||| FLEEEEING.
  2522 | D:3      | 2522 ||| FLEEEEING.
  2523 | D:3      | 2523 ||| FLEEEEING.
  2524 | D:3      | 2524 ||| FLEEEEING.
  2525 | D:3      | 2525 ||| FLEEEEING.
  2526 | D:3      | 2526 ||| STAIRDANCE
  2682 | D:3      | 2682 ||| STAIRDANCE
  2720 | D:3      | 2720 ||| Stepping ~*~*~tactically~*~*~ (hiding).
  2721 | D:3      | 2721 ||| Stepping ~*~*~tactically~*~*~ (hiding).
  2769 | D:3      | 2769 ||| Stepping ~*~*~tactically~*~*~ (stealth).
  2857 | D:3      | Found a glowing silver altar of Zin.
  2943 | D:3      | Gained mutation: Your magical nature lets you fly swiftly
                  | and evasively. [Tengu growth]
  2943 | D:3      | Reached XP level 5. HP: 24/30 MP: 9/9
  3027 | D:3      | 3027 ||| SWAPPING to +0 war axe.
  3028 | D:3      | 3028 ||| DROPPING +0 hand axe.
  3209 | D:3      | 3209 ||| UPGRADING to +0 cloak.
  3214 | D:3      | 3214 ||| READING scroll labelled FYTUAVUXIE.
  3224 | D:4      | Found a basalt altar of Yredelemnul.
  3259 | D:4      | Found a snail-covered altar of Cheibriados.
  3308 | D:4      | Noticed Sigmund
  3309 | D:4      | 3309 ||| Stepping randomly (stuck).
  3312 | D:4      | HP: 2/30 [Sigmund/+0 scythe of distortion (18)]
  3316 | D:4      | 3316 ||| Stepping ~*~*~tactically~*~*~ (hiding).
  3321 | D:4      | HP: 2/30 [Sigmund/+0 scythe of distortion (1)]
  3321 | D:4      | Slain by Sigmund

Levels and vault maps discovered:
D:1:      dpeg_chamrin_arrival_tetris, layout_loops_ring, chequers_jeans
D:2:      layout_loops_ring, serial_rivers, chequers_serial_rivers_micro_e,
          chequers_serial_rivers_marsh, chequers_serial_rivers_micro_d,
          chequers_serial_rivers_micro_d,
          dreamdust_ecumenical_altar_drowned_temple
D:3:      layout_rooms, zin_academy
D:4:      layout_basic, nzn_wu_jian_council_hall, general_overflow_altar,
          tgw_kikubaaqudgha, lemuel_round_altar, serial_glass, glass_columns_a,
          glass_columns_b, glass_columns_a, glass_columns_a, glass_columns_a,
          glass_columns_b, uniq_sigmund

Skill      XL: |  1  2  3  4 |
---------------+-------------+-----
Axes           | 3 4 5 |  5.6
Fighting       | |  2.0
Throwing       | |  1.0
Armour         | |  1.1
Dodging        | |  2.1
Spellcasting   | |  2.0
Translocations | |  2.4

Action                   |  1- 3 |  4- 6 || total
-------------------------+-------+-------++-------
Melee: Hand axe          |    78 |    52 ||   130
       Kick              |    21 |    12 ||    33
       Peck              |     9 |     8 ||    17
       Punch             |     1 |     1 ||     2
       War axe           |       |    12 ||    12
Throw: Boomerang         |     7 |       ||     7
  Use: Scroll            |     3 |     2 ||     5
Armor: Leather armour    |    14 |    13 ||    27
Dodge: Dodged            |    35 |    35 ||    70

Table legend:
 A = Non-vault XP
 B = Vault XP
 C = Vault XP percentage of total XP
 D = Non-vault monster count
 E = Vault monster count
 F = Vault count percentage of total count
                 A         B        C        D         E       F
            +---------+---------+-------+---------+---------+-------
      Total |     182 |       1 |   0.5 |      54 |       1 |   1.8
            +---------+---------+-------+---------+---------+-------
        D:1 |      36 |       0 |   0.0 |      19 |       0 |   0.0
        D:2 |      72 |       1 |   1.4 |      19 |       1 |   5.0
        D:3 |      74 |       0 |   0.0 |      16 |       0 |   0.0
            +---------+---------+-------+---------+---------+-------
